 Dungeon Crawl Stone Soup version 0.30-a0-364-gf6b3ef1049 (webtiles) character file.

Game seed: 97731700790759701

668 holysushi the Cutter (level 7, -2/48 HPs)
             Began as a Kobold Monk on Nov 15, 2022.
             Slain by Grinder (5 damage)
             ... on level 5 of the Dungeon.
             The game lasted 00:09:04 (4156 turns).

holysushi the Cutter (Kobold Monk)                  Turns: 4156, Time: 00:09:04

Health: -2/48      AC:  4    Str:  5 (8)  XL:     7   Next: 88%
Magic:  7/7        EV: 16    Int:  7 (11) God:
Gold:   305        SH:  5    Dex: 15 (20) Spells: 6/6 levels left

rFire   . . .      SeeInvis .    a - +1 short sword
rCold   . . .      Faith    .    q - +0 buckler
rNeg    . . .      Spirit   .    b - +0 robe
rPois   .          Reflect  .    (no helmet)
rElec   .          Harm     .    i - +0 cloak
rCorr   .          Rampage  .    k - +0 pair of gloves
Will    .....                    (no boots)
Stlth   ++++......               (no amulet)
HPRegen 0.28/turn                (no ring)
MPRegen 0.10/turn                (no ring)

@: no status effects
A: small, no large weapons, nightstalker 3, deterioration 1, robust 1, no potion
heal 1
a: no special abilities


You were on level 5 of the Dungeon.
You visited 1 branch of the dungeon, and saw 5 of its levels.

You collected 305 gold pieces.

Inventory:

Hand Weapons
 a - a +1 short sword (weapon)
 v - a +0 rapier
Armour
 b - a +0 robe (worn)
 i - a +0 cloak (worn)
 k - a +0 pair of gloves (worn)
 p - an orb of guile
 q - a +0 buckler (worn)
Jewellery
 o - a ring of poison resistance
 s - a ring of see invisible
Scrolls
 e - 4 scrolls of identify
 f - a scroll of fog
 h - 2 scrolls of magic mapping
 j - a scroll of immolation
 m - 3 scrolls of blinking
 t - 2 scrolls of teleportation
Potions
 c - 2 potions of ambrosia
 d - a potion of lignification
 g - 2 potions of resistance
 l - 2 potions of curing
 n - a potion of mutation
 r - a potion of haste {unknown}


   Skills:
 + Level 4.9 Fighting
 * Level 7.5 Short Blades
 + Level 5.3 Dodging
 + Level 5.4 Stealth
 + Level 1.9 Shields


You had 6 spell levels left.
You didn't know any spells.
Your spell library contained the following spells:

 Spells                   Type           Power      Damage    Failure   Level
 Blink                    Tloc           0%         N/A       71%         2
 Static Discharge         Conj/Air       0%         2-2/arc   71%         2
 Summon Guardian Golem    Hex/Summ       0%         N/A       91%         3
 Vhi's Electric Charge    Tloc/Air       0%         N/A       91%         3
 Manifold Assault         Tloc           0%         N/A       100%        4
 Arcjolt                  Conj/Air       0%         1d10      100%        5
 Lightning Bolt           Conj/Air       0%         1d11      100%        5
 Summon Forest            Summ/Tloc      0%         N/A       100%        5
 Eringya's Noxious Bog    Tmut/Pois      0%         N/A       100%        6
 Orb of Destruction       Conj           0%         9d5       100%        7
 Spellforged Servitor     Conj/Summ      0%         N/A       100%        7
 Storm Form               Tmut/Air       0%         N/A       100%        7
 Summon Hydra             Summ           0%         N/A       100%        7


Dungeon Overview and Level Annotations

Branches:
Dungeon (5/15) Zot: 25933
 Temple: D:4-7

Altars:

Annotations:
D:5 1 transporter, Edmund, Grinder


Innate Abilities, Weirdness & Mutations

You are small and have problems with some larger weapons.
You are completely attuned to the shadows.
Your body sometimes deteriorates upon taking damage.
You are robust. (+10% HP)
Potions are less effective at restoring your health.


Message History

Grinder is heavily wounded.
Grinder blinks!
Grinder closely misses you.
You hit Grinder.
Grinder is heavily wounded.
You hit Grinder.
Grinder is severely wounded.
Grinder hits you but does no damage.
You hit Grinder.
Grinder is severely wounded.
Grinder gestures at you. Pain shoots through your body!
You hit Grinder but do no damage.
Grinder is severely wounded.
You hit Grinder but do no damage.
Grinder is severely wounded.
Grinder closely misses you.
You closely miss Grinder.
Grinder is severely wounded.
Grinder completely misses you.
You hit Grinder.
Grinder is severely wounded.
Grinder hits you.
You hit Grinder.
Grinder is severely wounded.
You closely miss Grinder.
Grinder is severely wounded.
Grinder hits you!
You writhe in agony.
* * * LOW HITPOINT WARNING * * *
You completely miss Grinder.
Grinder is severely wounded.
You block Grinder's attack.
You hit Grinder.
Grinder is severely wounded.
You closely miss Grinder.
Grinder is severely wounded.
Grinder hits you!
* * * LOW HITPOINT WARNING * * *
You writhe in agony.
You die...

.........≈§≈. .≈§≈§# #...
.........≈.≈. .≈§§§# #...
#.......≈.≈≈ ≈≈.≈.## #...
#.......≈...§...≈..###...
#.......§≈≈≈§≈≈≈≈........
#...........§.....####...
#...........####### #...
#...........###### ####
#......5@........## ##.
#..................# ##..
#..................##....
###########........#..##.
#........#.###. ##########
#........#..... .........#
#........#..... .........#
#######.#......
#..........##############...#....


You could see Grinder.

Vanquished Creatures
  Eustachio (D:5)
  Duvessa (D:4)
  A phantom (D:5)
  Dowan (D:4)
  An orc priest (D:4)
  3 iguanas
  An orc wizard (D:3)
  7 gnolls
  4 adders
  A worm (D:5)
  3 dart slugs
  3 orcs
  4 bats
  7 endoplasms
  A giant cockroach (D:1)
  7 goblins
  10 hobgoblins
  4 quokkas
  5 ball pythons
  3 frilled lizards
  7 kobolds
  10 rats
85 creatures vanquished.

Notes
Turn   | Place    | Note
-------+----------+-------------------------------------------
     0 | D:1      | holysushi the Kobold Monk began the quest for the Orb.
     0 | D:1      | Reached XP level 1. HP: 14/14 MP: 1/1
    82 | D:1      | Reached XP level 2. HP: 19/19 MP: 2/2
   369 | D:1      | Reached XP level 3. HP: 23/23 MP: 3/3
   884 | D:2      | Reached skill level 5 in Short Blades
   884 | D:2      | Reached XP level 4. HP: 20/29 MP: 4/4
  1487 | D:2      | Reached XP level 5. HP: 25/33 MP: 5/5
  1865 | D:3      | Found a faded altar of an unknown god.
  2728 | D:4      | Reached skill level 6 in Short Blades
  2728 | D:4      | Reached XP level 6. HP: 17/38 MP: 6/6
  2814 | D:4      | Noticed Duvessa
  2866 | D:4      | Noticed Dowan
  2870 | D:4      | Killed Duvessa
  2871 | D:4      | Reached skill level 1 in Shields
  3107 | D:4      | Killed Dowan
  3108 | D:4      | Reached XP level 7. HP: 35/44 MP: 7/7
  3204 | D:4      | Identified the +7 hand axe "Hitideom" {vamp, Fragile Str+4
                  | SInv}
  3394 | D:4      | Reached skill level 5 in Dodging
  3469 | D:5      | Entered Level 5 of the Dungeon
  3499 | D:5      | Reached skill level 7 in Short Blades
  3499 | D:5      | Reached skill level 5 in Stealth
  3523 | D:5      | Noticed Eustachio
  3527 | D:5      | Killed Eustachio
  3612 | D:5      | Noticed Edmund
  3615 | D:5      | Gained mutation: Potions are less effective at restoring
                  | your health. [potion of mutation]
  3615 | D:5      | Gained mutation: Your body sometimes deteriorates upon
                  | taking damage. [potion of mutation]
  3615 | D:5      | Gained mutation: You are robust. (+10% HP) [potion of
                  | mutation]
  3972 | D:5      | Found a transporter.
  3987 | D:5      | Identified the +2 buckler "Mocy" {Rampage Fly rF-}
  4108 | D:5      | Noticed Grinder
  4115 | D:5      | Paralysed by Grinder for 4 turns
  4156 | D:5      | Slain by Grinder

Illustrated notes

Levels and vault maps discovered:
D:1:      dpeg_chamrin_arrival_tetris, layout_basic, minmay_misc_feat_encased,
          minmay_domino_2
D:2:      layout_loops_ring
D:3:      layout_rooms, ebering_ecumenical_altar_mist, minmay_between
D:4:      layout_cave_pools, grunt_ministairs_13, uniq_duvessa
D:5:      layout_basic, mainiacjoe_overflow_concentric_impassable,
          gammafunk_ghost_gnarly_gnolls, uniq_ijyb, uniq_edmund,
          uniq_blork_the_orc, uniq_prince_ribbit1, uniq_eustachio, uniq_grinder

Skill      XL: |  1  2  3  4  5  6  7 |
---------------+----------------------+-----
Stealth        | 3 4 5 |  5.4
Dodging        | 4 5 |  5.3
Short Blades   | 5 6 7 |  7.5
Fighting       | 4 |  4.9
Shields        | 1 |  1.9

Action                   |  1- 3 |  4- 6 |  7- 9 || total
-------------------------+-------+-------+-------++-------
Melee: Short sword       |    72 |   191 |    90 ||   353
       Punch             |       |     1 |       ||     1
  Use: Scroll            |       |     9 |     2 ||    11
       Potion            |       |     1 |    10 ||    11
 Stab: Sleeping          |    11 |    20 |     4 ||    35
       Distracted        |       |     1 |       ||     1
Armor: Robe              |    10 |     9 |     8 ||    27
Dodge: Dodged            |    44 |    98 |    45 ||   187
Block: Buckler           |       |    12 |     8 ||    20

Table legend: (Time is in decaauts)
 A = Elapsed time spent in this place.
 B = Non-inter-level travel time spent in this place.
 C = Inter-level travel time spent in this place.
 D = Time resting spent in this place.
 E = Time spent auto-exploring this place.
 F = Levels seen in this place.
 G = Mean time per level.
                   A        B        C        D        E       F      G
               +--------+--------+--------+--------+--------+-----+--------+
         Total |   4065 |   3864 |    201 |    319 |   2516 |   5 |  813.0 |
       Dungeon |   4065 |   3864 |    201 |    319 |   2516 |   5 |  813.0 |
               +--------+--------+--------+--------+--------+-----+--------+

Top non-repeatable levels by time:
     D:4: 1034 daAuts
     D:2: 866 daAuts
     D:1: 834 daAuts
     D:3: 814 daAuts
     D:5: 515 daAuts
